Map: Incorporeal LE

Players

SkautyDee

  • Race: Zerg Zerg
  • League: Master
  • Spawn Location: 11:00

Saint

  • Race: Terran Terran
  • League: Platinum
  • Spawn Location: 5:00

VOD

Have the link to the VOD?

Description

Stalemate

Time

  • Played on: June 29, 2025, 7:45 p.m.
  • Length: 26:17
Show
View Real Time Build Order
Export as new Build Order

SkautyDee Zerg 

Build Orders: Hatch First 

Get SALT Encoding   

  12  0:00  Drone  
  13  0:10  Drone  
  14  0:26  Overlord  
  14  0:34  Extractor, Drone  
  15  0:46  Drone x2  
  18  0:57  Hatchery, Drone  
  18  1:01  Extractor  
  16  1:14  Drone  
  16  1:15  Drone  
  18  1:21  Drone  
  19  1:32  Overlord  
  19  1:43  Drone  
  20  1:57  Spawning Pool  
  20  2:00  Drone  
  20  2:06  Drone  
  21  2:12  Drone  
  23  2:30  Drone x3  
  23  2:52  Zergling x2  
  23  2:53  Zergling x8  
  23  2:56  Queen x2  
  23  2:57  Metabolic Boost  
  32  3:16  Spine Crawler  
  32  3:17  Spine Crawler  
  30  3:23  Overlord  
  30  3:24  Overlord  
  30  3:25  Drone x3  
  33  3:38  Queen  
  33  3:40  Drone  
  36  3:42  Drone x2  
  38  3:59  Hatchery  
  37  4:13  Drone x8  
  37  4:14  Drone  
  46  4:36  Drone  
  46  4:37  Drone  
  48  4:42  Extractor  
  48  4:43  Baneling Nest  
  46  4:46  Overlord  
  46  4:47  Overlord x2  
  46  4:50  Zergling x10  
  46  4:51  Zergling x2  
  52  5:06  Drone x3  
  55  5:13  Drone x2  
  58  5:14  Drone x4  
  62  5:28  Drone x4  
  62  5:29  Drone x2  
  66  5:46  Spore Crawler  
  64  6:08  Queen  
  64  6:10  Queen  
  66  6:34  Queen  
  68  6:44  Queen  
  70  6:58  Drone x4  
  70  7:00  Overlord x5  
  74  7:03  Zergling x14  
  81  7:20  Evolution Chamber x2, Lair  
  79  7:28  Zergling x30  
  79  7:29  Zergling x2  
  95  7:35  Baneling x14  
  95  7:52  Hatchery  
  95  7:55  Hatchery  
  95  7:56  Zerg Melee Weapons Level 1  
  95  7:57  Zerg Ground Armor Level 1  
  95  7:58  Overlord x4  
  93  8:01  Zergling x20  
  103  8:13  Zergling x12  
  103  8:28  Centrifugal Hooks  
  102  8:52  Zergling x6  
  102  8:53  Zergling x20  
  115  9:07  Zergling x16  
  122  9:24  Overseer x2  
  122  9:27  Pneumatized Carapace  
  122  9:32  Zergling x2  
  122  9:33  Zergling x28  
  122  9:37  Baneling x13  
  137  9:52  Overlord  
  137  9:53  Overlord x5  
  137  9:56  Hatchery  
  116  10:13  Zergling x26  
  116  10:14  Zergling x12  
  120  10:29  Baneling x7  
  120  10:30  Baneling x14  
  120  10:41  Zergling x22  
  111  10:48  Drone x3  
  113  11:06  Queen  
  113  11:09  Zergling x22  
  126  11:15  Zergling x18  
  135  11:22  Drone  
  135  11:23  Drone x2  
  115  11:58  Zergling x40  
  122  12:02  Overseer  
  100  12:20  Drone x10  
  79  12:34  Hatchery  
  50  12:54  Drone x13  
  62  13:25  Queen x3  
  62  13:49  Baneling x2  
  62  13:50  Baneling x13  
  62  13:53  Queen  
  64  14:01  Queen x2  
  68  14:05  Hatchery  
  67  14:11  Drone  
  67  14:12  Drone x10  
  77  14:25  Zergling x10  
  78  14:56  Drone x7  
  78  14:57  Drone x5  
  63  15:28  Zergling x8  
  63  15:29  Zergling x18  
  75  15:36  Queen  
  63  15:56  Zergling x26  
  48  16:41  Hatchery  
  48  16:43  Spawning Pool  
  45  16:59  Hatchery  
  44  17:02  Spawning Pool  
  44  17:05  Drone x8  
  39  17:37  Zergling x6  
  39  17:38  Hatchery  
  39  17:43  Hatchery  
  21  17:55  Drone  
  17  19:02  Drone  
  17  19:03  Drone x2  
  19  19:33  Drone x2  
  20  19:55  Drone  
  4  20:40  Drone  
  5  20:46  Drone  
Show
View Real Time Build Order
Export as new Build Order

Saint Terran 

Build Orders: Reaper Expand 

Get SALT Encoding   

  12  0:02  SCV  
  13  0:14  SCV  
  14  0:18  Supply Depot  
  14  0:26  SCV  
  15  0:39  SCV  
  15  0:41  Barracks  
  16  0:44  Refinery  
  16  0:51  SCV  
  17  1:04  SCV  
  18  1:23  SCV  
  19  1:35  Reaper  
  19  1:36  Orbital Command  
  20  1:44  Command Center  
  20  1:53  Supply Depot  
  20  2:03  SCV  
  21  2:09  Marine  
  21  2:15  SCV  
  23  2:16  Bunker  
  23  2:23  Factory  
  23  2:27  SCV  
  24  2:30  Barracks Reactor, Refinery  
  24  2:39  SCV  
  25  2:51  SCV  
  25  2:57  Orbital Command  
  26  2:59  Supply Depot  
  26  3:04  SCV  
  27  3:09  Marine x2  
  29  3:16  SCV  
  30  3:21  Factory Tech Lab  
  30  3:23  Starport  
  30  3:25  SCV  
  31  3:28  SCV, Marine  
  31  3:31  Marine  
  34  3:37  Supply Depot  
  34  3:38  SCV  
  35  3:42  SCV  
  35  3:46  Marine  
  37  3:49  Marine  
  37  3:50  SCV  
  37  3:52  Siege Tank  
  37  3:55  SCV  
  43  4:02  SCV  
  44  4:04  Marine  
  44  4:07  SCV, Liberator, Marine  
  50  4:11  Supply Depot  
  50  4:19  Supply Depot  
  50  4:23  SCV x2  
  52  4:25  Marine x2  
  54  4:35  SCV x2, Supply Depot  
  56  4:43  Marine x2  
  56  4:45  Supply Depot  
  58  4:47  SCV x2  
  60  4:56  Barracks x2  
  60  4:57  Barracks  
  60  4:58  Barracks, Factory Tech Lab  
  60  5:01  Factory Reactor, Starport Reactor  
  60  5:10  SCV x2  
  62  5:14  Refinery  
  62  5:16  Refinery  
  62  5:18  Engineering Bay  
  62  5:19  Supply Depot  
  62  5:22  SCV x2  
  62  5:27  Marine x2  
  66  5:32  Supply Depot  
  66  5:40  SCV x2  
  66  5:42  Supply Depot  
  68  5:44  Marine  
  68  5:45  Marine  
  70  5:52  SCV x2  
  72  6:04  SCV  
  72  6:05  SCV  
  74  6:12  Factory Reactor  
  74  6:13  Starport Reactor  
  74  6:16  SCV  
  74  6:18  Terran Infantry Weapons Level 1  
  75  6:22  Barracks Tech Lab  
  75  6:25  Stimpack  
  75  6:26  Marine x3  
  75  6:27  Marauder  
  75  6:28  Marine x3  
  75  6:32  Supply Depot  
  83  6:33  Supply Depot  
  83  6:44  Combat Shield  
  83  6:49  Marauder x2, Marine x2  
  83  6:50  Marine x4  
  83  6:52  Widow Mine x2  
  97  6:54  Medivac x2  
  101  7:01  Supply Depot  
  101  7:02  Supply Depot  
  101  7:07  Marine x3  
  101  7:08  Marine x2  
  106  7:09  Marine  
  106  7:10  Marauder x2  
  106  7:14  Widow Mine x2  
  115  7:25  Marine  
  116  7:31  Marauder x2  
  120  7:38  Marine x4  
  120  7:40  Command Center  
  124  7:53  Marauder x2  
  124  7:55  Marine x2  
  124  7:56  Marine  
  131  8:03  Concussive Shells  
  131  8:11  Supply Depot  
  131  8:12  Terran Infantry Armor Level 1  
  131  8:14  Marauder x2  
  135  8:26  Marine x4  
  138  8:33  Widow Mine  
  138  8:34  Widow Mine, Medivac  
  142  8:35  Marauder, Medivac  
  142  8:36  Marauder, Marine x2  
  150  8:44  Marine  
  151  8:53  Supply Depot x2  
  151  8:55  Widow Mine x2  
  155  8:56  Planetary Fortress  
  155  9:04  Medivac  
  155  9:05  Medivac  
  155  9:07  Engineering Bay  
  159  9:10  Armory  
  159  9:15  Supply Depot  
  157  9:18  Supply Depot  
  157  9:21  Factory  
  157  9:22  Marine  
  157  9:23  Marine x3  
  157  9:24  Marauder x2  
  165  9:38  Supply Depot  
  165  9:44  Marine  
  165  9:45  Marine x2  
  112  10:14  Marauder x2  
  112  10:16  Marine x3  
  112  10:17  Marine x3  
  122  10:34  Marine x3  
  125  10:36  Marauder x2  
  118  10:51  Marine x3  
  118  10:52  Marine x3  
  118  10:53  Widow Mine  
  118  10:54  Widow Mine  
  118  10:55  Factory Tech Lab  
  118  10:57  Marauder, Marine  
  131  11:09  Marine x3  
  134  11:11  Marine x3  
  134  11:14  Medivac x2, Marine  
  134  11:15  Widow Mine x2  
  148  11:18  Marauder  
  148  11:27  Refinery  
  148  11:29  Refinery  
  148  11:32  Widow Mine  
  148  11:33  Marauder  
  148  11:36  Widow Mine x2  
  68  12:51  Marine  
  68  12:52  Marine x7  
  74  13:09  Marine  
  74  13:10  Marine x7  
  82  13:27  Marine x7  
  82  13:28  Marine  
  89  13:34  Medivac x2  
  93  13:45  Marine  
  15  22:55  Orbital Command  
  14  24:28  Orbital Command  
Tags
 
Add a new tag
Caveats
  • Supply blocks, unpowered buildings, or Contaminate may cause inaccurate times.
  • Supply counts are checked every 10 seconds.